 Dungeon Crawl Stone Soup version 0.29.1-2-gbd0b4ee654 (webtiles) character file.

Game seed: 17930479713610964569

7133 Gabide the Spear-Bearer (level 11, -16/142 HPs)
             Began as a Merfolk Chaos Knight on Nov 11, 2022.
             Was a Plaything of Xom.
             Demolished by a hellwing (19 damage)
             ... summoned by Xom
             ... in a bailey.
             The game lasted 00:16:35 (11844 turns).

Gabide the Spear-Bearer (Merfolk Chaos Knight)     Turns: 11844, Time: 00:16:36

Health: -16/142    AC: 13    Str: 16      XL:     11   Next: 10%
Magic:  11/11      EV: 24    Int: 12 (13) God:    Xom [.....*]
Gold:   519        SH:  0    Dex: 13      Spells: 10/10 levels left

rFire   . . .      SeeInvis .   a - +2 spear (chaos)
rCold   + . .      Faith    .   (no shield)
rNeg    . . .      Spirit   .   B - +2 leather armour {rC+}
rPois   .          Reflect  .   G - +0 helmet
rElec   .          Harm     .   (no cloak)
rCorr   .          Rampage  .   x - +2 pair of gloves
Will    .....                   (boots currently unavailable)
Stlth   ..........              (no amulet)
HPRegen 0.33/turn               H - +4 ring of evasion
MPRegen 0.12/turn               y - +4 ring of protection

@: berserking, unable to read, very quick
A: nimble swimmer 2, mertail, inability to read after injury 1
a: Renounce Religion


You were in a bailey.
You worshipped Xom.
You were Xom's teddy bear.
You visited 1 branch of the dungeon, and saw 9 of its levels.
You also visited: Ossuary and Bailey.

You collected 519 gold pieces.

Inventory:

Hand Weapons
 a - a +2 spear of chaos (weapon)
 s - the +9 staff of Wucad Mu {*channel}
   (You took it off an orc warrior in a bailey)

   It occasionally powers its wielder's spells, but with a chance of causing
   confusion or draining the wielder's intelligence.
   It becomes more likely to activate and less likely to backfire with increased
   Evocations skill.
 I - a +0 antimagic glaive
Missiles
 l - 3 javelins
 D - a throwing net
 F - 3 atropa-tipped darts
Armour
 n - a +0 pair of boots (melded)
 x - a +2 pair of gloves (worn)
 B - a +2 leather armour of cold resistance (worn)
 G - a +0 helmet (worn)
Jewellery
 o - a +6 ring of strength
 r - a ring of resist corrosion
 y - a +4 ring of protection (right hand)
 H - a +4 ring of evasion (left hand)
Wands
 A - a wand of flame (8)
Scrolls
 b - a scroll of teleportation
 e - 3 scrolls of immolation
 h - a scroll of vulnerability
 i - 2 scrolls of blinking
 j - a scroll of acquirement {unknown}
 k - a scroll of brand weapon
 w - a scroll of magic mapping
 C - a scroll of amnesia
 E - a scroll of enchant armour {unknown}
Potions
 d - a potion of lignification
 f - a potion of berserk rage
 g - 9 potions of curing
 m - 2 potions of attraction
 p - 2 potions of degeneration
 q - 2 potions of brilliance
 t - 2 potions of cancellation
 u - 4 potions of might
 v - 2 potions of ambrosia
 z - a potion of flight
Miscellaneous
 c - a piece from Xom's chessboard (inert) (quivered)


   Skills:
 + Level 12.0 Fighting
 * Level 14.2 Polearms
 - Level 1.0 Armour
 + Level 10.2 Dodging


You had 10 spell levels left.
You didn't know any spells.
Your spell library contained the following spells:

 Spells                   Type           Power      Damage    Failure   Level
 Poisonous Vapours        Pois/Air       0%         N/A       52%         2
 Static Discharge         Conj/Air       0%         3-3/arc   52%         2
 Animate Dead             Necr           0%         N/A       99%         4
 Corpse Rot               Necr/Pois/Air  0%         N/A       99%         4
 Dispel Undead            Necr           0%         3d6       99%         4
 Sticky Flame             Conj/Fire      0%         2d3       99%         4
 Haunt                    Necr/Summ      0%         N/A       100%        7
 Infestation              Necr           0%         N/A       100%        8


Dungeon Overview and Level Annotations

Branches:
Dungeon (9/15)             Temple (0/1) D:4         Ossuary (visited)
 Bailey (1/1)
   Lair: D:8-11         Orc: D:9-12

Altars:
Ashenzari
Dithmenos
Elyvilon
Kikubaaqudgha
Ru
Trog
Uskayaw
Wu Jian
Xom
Yredelemnul

Shops:
D:3 [   D:6 [

Annotations:
D:3 2 transporters, Flure's ghost, amateur DsFE
D:4 1 runed translucent door, peterlawrence's ghost, amateur MiFi


Innate Abilities, Weirdness & Mutations

You are very nimble when in or above water. (Stealth+, EV+, Speed+++)
Your lower body shifts to a powerful aquatic tail in water.
You occasionally lose the ability to read scrolls when taking damage.


Message History

You hear a splash. x2
Your Fighting skill increases to level 12!
The smoke demon disappears in a puff of smoke!
Something misses you. Something hits you but does no damage.
Something hits you.
* * * LOW HITPOINT WARNING * * *
Something closely misses you.
You start resting.
Something closely misses you. Something hits you but does no damage.
You start resting.
Something hits you.
* * * LOW HITPOINT WARNING * * *
Something completely misses you.
You start resting.
Something hits you.
* * * LOW HITPOINT WARNING * * *
Something hits you.
* * * LOW HITPOINT WARNING * * *
Something hits you.
* * * LOW HITPOINT WARNING * * *
Something hits you.
* * * LOW HITPOINT WARNING * * *
You hit something but do no damage. Something completely misses you.
Something closely misses you.
A red film seems to cover your vision as you go berserk!
You feel yourself moving faster!
You feel mighty! Something closely misses you. Something barely misses you.
Something hits you.
* * * LOW HITPOINT WARNING * * *
Something completely misses you.
You hit something but do no damage.
Nothing appears to happen.
You hit something but do no damage. Something hits you but does no damage.
Something hits you.
* * * LOW HITPOINT WARNING * * *
You closely miss something. You hit something but do no damage.
Nothing appears to happen.
You tail-slap something. Something barely misses you. Something misses you.
You puncture something! You tail-slap something.
You hit something but do no damage.
Nothing appears to happen.
Something hits you!!
You feel threatened and lose the ability to read scrolls!
You die...
Xom bursts into laughter!

#≈≈≈≈≈#.##############.
#≈≈≈≈≈#....#.)..)).8.8(
#≈≈≈≈≈#....'.[...#.....
#≈≈≈≈≈#+#..############
#≈≈≈≈≈# #..'...........
#≈≈≈≈≈######~~~~~~~~~~)
#≈≈≈≈≈≈≈≈≈≈≈≈≈≈≈≈≈≈≈≈≈≈
#≈≈≈≈≈{≈≈≈≈≈≈≈≈≈≈≈≈≈≈≈≈
#≈≈≈≈≈@≈≈≈≈≈≈≈≈≈≈≈≈≈≈≈≈
#≈≈≈≈≈≈≈≈≈≈≈≈≈≈≈≈≈≈≈≈≈≈
#≈≈≈≈≈≈≈≈≈≈≈≈≈≈≈≈≈≈≈≈≈≈
#≈≈≈≈≈≈≈≈≈≈≈≈≈≈≈≈≈≈≈≈≈≈
#≈≈≈≈≈≈≈≈≈≈≈≈≈≈≈≈≈≈≈≈≈≈
#≈≈≈≈≈≈≈≈≈≈≈≈≈≈≈≈≈≈≈≈≈≈
#######################


There were no monsters in sight!

Vanquished Creatures
  A two-headed ogre (D:7)
  Joseph (D:7)
  A hornet (D:7)
  Sigmund (D:2)
  6 yaks
  2 steam dragons
  4 water moccasins
  A sky beast (D:8)
  4 orc warriors (Bailey)
  A black bear (D:4)
  3 ice beasts
  A centaur (D:6)
  An ogre (D:6)
  A phantom (D:7)
  2 kobold brigands
  2 bullfrogs (D:7)
  A gnoll sergeant (D:9)
  2 necrophages
  3 scorpions (D:6)
  3 water moccasin zombies (Ossuary)
  7 wights
  3 killer bees (D:8)
  6 howler monkeys
  2 electric eels (Bailey)
  4 hounds
  2 gnoll boudas (D:7)
  An orc priest (D:8)
  Jessica (D:2)
  4 iguanas
  2 orc wizards (D:8)
  2 mummies (Ossuary)
  16 gnolls
  6 adders
  2 shadow imps
  2 ufetubi (D:6)
  6 adder zombies (Ossuary)
  A worm (D:2)
  2 dart slugs
  15 orcs
  7 bats
  7 endoplasms
  3 giant cockroaches
  5 gnoll zombies (Ossuary)
  11 goblins
  13 hobgoblins
  5 quokkas
  7 ball pythons
  4 frilled lizards
  6 hobgoblin zombies (Ossuary)
  13 kobolds
  2 kobold zombies (Ossuary)
  2 orc zombies (Ossuary)
  8 rats
218 creatures vanquished.

Vanquished Creatures (collateral kills)
  An orc knight (Bailey)
  A kobold demonologist (Bailey)
  A water moccasin (D:8)
  A killer bee (D:8)
  A howler monkey (D:7)
5 creatures vanquished.

Vanquished Creatures (others)
  A howler monkey (D:7)
1 creature vanquished.

Grand Total: 224 creatures vanquished

Notes
Turn   | Place    | Note
-------+----------+-------------------------------------------
     0 | D:1      | Gabide the Merfolk Chaos Knight began the quest for the
                  | Orb.
     0 | D:1      | Reached XP level 1. HP: 18/18 MP: 1/1
     9 | D:1      | XOM: smoke on damage
    16 | D:1      | XOM: silly message
    62 | D:1      | XOM: smoke on damage
   178 | D:1      | XOM: silly message
   246 | D:1      | Reached skill level 1 in Armour
   246 | D:1      | Reached XP level 2. HP: 23/24 MP: 2/2
   334 | D:1      | XOM: silly message
   340 | D:1      | XOM: silly message
   376 | D:1      | XOM: silly message
   801 | D:1      | Reached XP level 3. HP: 30/30 MP: 3/3
  1067 | D:2      | Found a basalt altar of Yredelemnul.
  1085 | D:2      | Noticed Sigmund
  1085 | D:2      | XOM: enchant monster (bad)
  1111 | D:2      | Killed Sigmund
  1112 | D:2      | Reached skill level 5 in Fighting
  1112 | D:2      | Reached skill level 5 in Polearms
  1112 | D:2      | Reached XP level 4. HP: 8/39 MP: 4/4
  1112 | D:2      | Reached XP level 5. HP: 9/44 MP: 5/5
  1381 | D:2      | Found a faded altar of an unknown god.
  1620 | D:2      | Reached XP level 6. HP: 51/51 MP: 6/6
  1869 | D:2      | Noticed Jessica
  1885 | D:2      | Killed Jessica
  1886 | D:2      | Reached skill level 6 in Polearms
  2233 | D:3      | Found Semikale's Antique Armour Boutique.
  2310 | D:3      | Found a broken altar of Ashenzari.
  2521 | D:3      | Found a transporter.
  2530 | D:3      | Noticed Flure's ghost (amateur DsFE)
  2553 | D:3      | XOM: 1-stop teleportation journey
  2656 | D:3      | Found a transporter.
  2952 | D:3      | Found an ornate altar of the Wu Jian Council.
  2969 | D:4      | XOM: stealth player
  2975 | D:4      | XOM: noise
  2976 | D:4      | XOM: swap monsters
  3108 | D:4      | Noticed a black bear
  3120 | D:4      | Killed a black bear
  3121 | D:4      | Reached XP level 7. HP: 47/58 MP: 7/7
  3218 | D:4      | XOM: confusion (+ monsters)
  3273 | D:4      | Found a staircase to the Ecumenical Temple.
  3309 | D:4      | Reached skill level 7 in Polearms
  3385 | D:4      | Found a runed translucent door.
  3388 | D:4      | Noticed peterlawrence's ghost (amateur MiFi)
  3683 | D:5      | Entered Level 5 of the Dungeon
  3702 | D:5      | Reached skill level 5 in Dodging
  3978 | D:5      | XOM: god gift: thick glowing staff {god gift}
  4141 | D:5      | XOM: god gift: 12 gold pieces
  4146 | D:5      | Identified the +2 robe "Jewedih" {rPois Int+2}
  4195 | D:5      | XOM: 5-stop teleportation journey
  4283 | D:5      | Reached skill level 8 in Polearms
  4349 | D:5      | XOM: silly message
  4397 | D:5      | Reached XP level 8. HP: 67/67 MP: 8/8
  4826 | D:5      | XOM: cloud trail
  4928 | D:6      | Found a hide-covered altar of Uskayaw.
  4929 | D:6      | XOM: polymorph adder -> frilled lizard
  4944 | D:6      | Found a white marble altar of Elyvilon.
  5032 | D:6      | XOM: cleaving
  5044 | D:6      | Reached skill level 9 in Polearms
  5045 | D:6      | XOM: cleaving
  5470 | D:6      | Found a sand-covered staircase.
  5566 | Ossuary  | Entered an ossuary
  5751 | Ossuary  | XOM: potion effect (haste)
  5929 | D:6      | XOM: 2-stop teleportation journey
  6026 | D:6      | Found Wedask's Armour Boutique.
  6134 | D:6      | Reached XP level 9. HP: 75/75 MP: 9/9
  6137 | D:6      | XOM: potion effect (might)
  6139 | D:6      | Reached skill level 10 in Polearms
  6661 | D:7      | Found an ancient bone altar of Kikubaaqudgha.
  6776 | D:7      | Noticed Joseph
  6778 | D:7      | XOM: silly message
  6799 | D:7      | XOM: potion effect (invisibility)
  6803 | D:7      | Killed Joseph
  7164 | D:7      | Reached skill level 11 in Polearms
  7286 | D:7      | XOM: enchant monster (bad)
  7720 | D:7      | XOM: cast spell 'Olgreb's Toxic Radiance'
  7730 | D:7      | XOM: divination: magic mapping
  7873 | D:7      | Reached skill level 10 in Fighting
  7968 | D:7      | XOM: divination: magic mapping
  8109 | D:8      | XOM: cast spell 'Summon Cactus Giant'
  8117 | D:8      | Reached XP level 10. HP: 70/85 MP: 10/10
  8275 | D:8      | Identified the +0 quarterstaff of Qaqirav {vorpal, rF-
                  | Str+5 Int+3}
  8325 | D:8      | Found a sacrificial altar of Ru.
  8393 | D:8      | Noticed a two-headed ogre
  8396 | D:8      | Found a bloodstained altar of Trog.
  8407 | D:8      | Paralysed by a hornet for 1 turns
  8410 | D:7      | XOM: enchant monster (good)
  8419 | D:7      | Reached skill level 12 in Polearms
  8541 | D:7      | XOM: silly message
  8689 | D:7      | XOM: divination: detect creatures
  8735 | D:7      | XOM: summons 4 friendly demons
  8761 | D:7      | Killed a two-headed ogre
  9043 | D:8      | XOM: confuse monster(s)
  9057 | D:8      | XOM: scenery: 2 doors open
  9183 | D:8      | XOM: cloud trail
  9337 | D:8      | Found a shimmering altar of Xom.
  9356 | D:8      | Found a shadowy altar of Dithmenos.
  9504 | D:8      | XOM: cast spell 'Cause Fear'
  9520 | D:8      | XOM: noise
  9765 | D:8      | Reached skill level 13 in Polearms
 10034 | D:9      | XOM: potion effect (might)
 10036 | D:9      | XOM: potion effect (heal wounds)
 10277 | D:8      | XOM: summons 1 hostile demon
 10621 | D:9      | Found a flagged portal.
 10717 | Bailey   | Entered a bailey
 10791 | Bailey   | XOM: god gift: +0 antimagic glaive
 10942 | Bailey   | XOM: noise
 11009 | Bailey   | XOM: smoke on damage
 11219 | Bailey   | Noticed an orc knight
 11226 | Bailey   | Noticed a kobold demonologist
 11227 | Bailey   | XOM: 1-stop teleportation journey
 11257 | Bailey   | XOM: confusion
 11435 | Bailey   | XOM: butterfly on damage
 11440 | Bailey   | XOM: give mutation
 11440 | Bailey   | Gained mutation: You occasionally lose the ability to read
                  | scrolls when taking damage. [Xom's mischief]
 11460 | Bailey   | Killed a kobold demonologist
 11471 | Bailey   | Killed an orc knight
 11472 | Bailey   | Reached skill level 14 in Polearms
 11472 | Bailey   | Reached skill level 10 in Dodging
 11472 | Bailey   | Reached XP level 11. HP: 47/95 MP: 11/11
 11528 | Bailey   | XOM: 1-stop teleportation journey
 11548 | Bailey   | XOM: summons 4 hostile demons
 11578 | Bailey   | XOM: stat loss: -1 Int (12/13)
 11685 | Bailey   | Identified the +9 plate armour of Unambiguity {Stlth+}
 11779 | Bailey   | Found an iron altar of Okawaru.
 11780 | Bailey   | Noticed an orc sorcerer
 11791 | Bailey   | XOM: summons 2 hostile demons
 11792 | Bailey   | XOM: scenery: summon butterflies
 11814 | Bailey   | XOM: enchant monster (good)
 11819 | Bailey   | Noticed a fire crab
 11819 | Bailey   | an orc sorcerer changed into a fire crab
 11819 | Bailey   | XOM: polymorph orc sorcerer -> fire crab
 11838 | Bailey   | HP: 6/142 [something (4)]
 11840 | Bailey   | HP: 2/142 [something (4)]
 11844 | Bailey   | Demolished by a hellwing

Illustrated notes

Levels and vault maps discovered:
D:1:      wander_arrival_chamber, layout_loops_ring, dk_noncrumbling_3,
          minmay_stone_trees_small, minmay_misc_feat_encased
D:2:      layout_basic, basic_altar, basic_ecumenical_altar, uniq_sigmund,
          uniq_jessica
D:3:      layout_loops_ring, nicolae_ashenzari_panopticon,
          nicolae_wu_jian_immortal_techniques, serial_shops, shop,
          gammafunk_ghost_stat_death, serial_glass, glass_columns_c,
          glass_columns_c, glass_columns_b
D:4:      layout_cave_pools, minmay_temple_entry_mist,
          hellmonk_ghost_happy_afterlife, kennysheep_generic_room_4
D:5:      layout_cave_pools, nicolae_concentric_dashed_squares_mild,
          kennysheep_generic_room_7
D:6:      layout_layer_cave, nicolae_overflow_squiral, serial_shops, shop,
          serial_glass, glass_columns_a, glass_columns_a,
          nicolae_ossuary_entry_monument, grunt_decor_arrowhead,
          minmay_misc_feat_doors
D:7:      layout_basic, mainiacjoe_overflow_paths, uniq_joseph
D:8:      layout_gridville, mainiacjoe_overflow_tiny_flanked,
          mainiacjoe_overflow_alcove_1, old_standard_altar, lemuel_round_altar,
          minmay_misc_feat_plants
D:9:      layout_irregular_city, erik_lair_island, enter_bailey_6
Bailey:   bailey_axe_of_yendor_kennysheep, bailey

Skill      XL: |  1  2  3  4  5  6  7  8  9 10 11 |
---------------+----------------------------------+-----
Dodging        | 3 4 5 6 8 10 | 10.2
Armour         | 1 |  1.0
Fighting       | 4 5 6 7 8 10 11 12 | 12.0
Polearms       | 5 6 8 9 11 14 | 14.2

Action                   |  1- 3 |  4- 6 |  7- 9 | 10-12 || total
-------------------------+-------+-------+-------+-------++-------
Melee: Spear             |    81 |   182 |   482 |   406 ||  1151
       Punch             |       |       |     8 |     9 ||    17
       Tailslap          |       |       |       |     4 ||     4
Throw: Javelin           |       |       |       |     1 ||     1
Evoke: Piece from Xom's  |       |     1 |     6 |    16 ||    23
  Use: Scroll            |       |       |    18 |     6 ||    24
       Potion            |       |       |     5 |     1 ||     6
 Stab: Sleeping          |     2 |     4 |     1 |     1 ||     8
       Paralysed         |       |     2 |     6 |     1 ||     9
       Confused          |       |     1 |     7 |       ||     8
       Petrifying        |       |       |     2 |     3 ||     5
       Distracted        |       |       |     1 |       ||     1
       Invisible         |       |       |     1 |       ||     1
       Petrified         |       |       |       |    10 ||    10
Armor: Leather armour    |    16 |    29 |    93 |    84 ||   222
       Skin              |       |       |     1 |       ||     1
Dodge: Dodged            |    22 |    76 |   195 |   210 ||   503
